 Dungeon Crawl Stone Soup version bcrawl-1.12-11-gb93c957c58 (webtiles) character file.

Game seed: 18135188225459681663

55 MisterOstroum the Cudgeler (level 3, 0/31 HPs)
             Began as a Sand Dwarf Skald on June 30, 2019.
             Killed from afar by Sigmund (9 damage)
             ... with a magic dart
             ... on level 2 of the Dungeon.
             The game lasted 00:02:45 (1807 turns).

MisterOstroum the Cudgeler (Sand Dwarf Skald)       Turns: 1807, Time: 00:02:46

Health: 0/31       AC:  6    Str: 16    XL:     3   Next: 93%
Magic:  1/6        EV: 11    Int: 13    God:
Gold:   110        SH:  0    Dex: 10    Spells: 0/6 levels left

rFire    . . .     SeeInvis .   r - +1 short sword (elec)
rCold    . . .     Gourm    .   (shield restricted)
rNeg     . . .     Faith    .   c - +0 scale mail
rPois    .         Spirit   .   (no helmet)
rElec    .         Reflect  .   (no cloak)
rCorr    +         Harm     .   (no gloves)
MR       .....                  (no boots)
Stlth    ..........             (no amulet)
HPRegen  0.10/turn              g - ring of resist corrosion
MPRegen  0.10/turn              i - ring of attention (curse)

@: very slightly contaminated, slow
A: small, slowness 1, armour attunement
a: no special abilities


You were on level 2 of the Dungeon.
You were hungry.

You visited 1 branch of the dungeon, and saw 2 of its levels.

You collected 110 gold pieces.

Inventory:

Hand Weapons
 a - a +0 mace
 r - a +1 short sword of electrocution (weapon)
Missiles
 o - 250 stones (quivered)
Armour
 c - a +0 scale mail (worn)
Jewellery
 g - a ring of resist corrosion (left hand)
 i - a cursed ring of attention (right hand)
Scrolls
 d - a scroll of fear {!r}
 h - a scroll of enchant armour {unknown}
 j - a scroll of blinking {unknown}
 k - 3 scrolls of identify {@r1}
 l - a scroll of amnesia
 n - a scroll of enchant weapon
 q - a scroll of teleportation {unknown}
Potions
 b - 2 potions of curing {unknown}
 f - 3 potions of lignification
 p - a potion of cancellation {unknown}
 s - a potion of mutation {unknown}
Comestibles
 e - 7 rations {!d}


   Skills:
 * Level 3.2 Fighting
 - Level 4.7 Maces & Flails
 - Level 1.2 Armour
 - Level 1.5 Dodging
 + Level 2.0 Spellcasting
 + Level 3.4 Charms


You couldn't memorise any spells.
You knew the following spells:

 Your Spells              Type           Power        Failure   Level  Hunger
a - Infusion              Chrm           ##......     6%          1    ##.....
b - Song of Slaying       Chrm           ##......     10%         2    ###....
c - Spectral Weapon       Hex/Chrm       #.......     36%         3    ####...

Your spell library contained the following spells:

 Spells                   Type           Power        Failure   Level  Hunger
 Ozocubu's Armour         Chrm/Ice       #.......     36%         3    ####...
 Regeneration             Chrm/Necr      #.........   36%         3    ####...


Dungeon Overview and Level Annotations

Branches:
Dungeon (2/12)

Altars:

Annotations:
D:2 Sigmund


Innate Abilities, Weirdness & Mutations

You are small and have problems with some larger weapons.
You cover ground slowly.
Armour does not affect your spellcasting.


Message History

No target in view!
No target in view!
Things that are here:
a +0 short sword; a kobold corpse
e - 7 rations {!d} (gained 1)
You see here 125 arrows.
You see here 125 arrows.
s - an amethyst potion
Found an escape hatch in the ceiling.
All of the chunks of flesh in your inventory have rotted away.
You are feeling hungry.
You open the door.
A leopard gecko comes into view.
Throwing (i - inventory)
o - 254 stones (quivered)
Press: ? - help, Shift-Dir - straight line, f - leopard gecko
Aim: a leopard gecko (clinging)
You throw a stone.
The stone hits the leopard gecko but does no damage.
You hit the leopard gecko.
The leopard gecko is almost dead.
The leopard gecko hisses menacingly.
The leopard gecko bites you but does no damage.
You closely miss the leopard gecko.
The leopard gecko is almost dead.
The leopard gecko barely misses you.
You barely miss the leopard gecko.
The leopard gecko is almost dead.
The leopard gecko closely misses you.
You hit the leopard gecko.
Lightning courses through the leopard gecko!
You kill the leopard gecko!
There is an open door here.
A goblin comes into view. It is wielding a +0 dagger.
The goblin shouts!
A goblin is nearby!
A goblin is nearby!
Throwing (i - inventory)
o - 253 stones (quivered)
Press: ? - help, Shift-Dir - straight line, f - goblin
Aim: a goblin, wielding a +0 dagger You throw a stone.
The stone misses the goblin.
Sigmund the Dreaded comes into view.
He is wielding a +2 vampiric scythe.
Throwing (i - inventory)
o - 252 stones (quivered)
Press: ? - help, Shift-Dir - straight line, f/p - goblin
Aim: a goblin, wielding a +0 dagger You throw a stone.
The stone barely misses the goblin.
Sigmund shouts!
A frilled lizard comes into view.
Sigmund looks encouraged for a moment.
Throwing (i - inventory)
o - 251 stones (quivered)
Press: ? - help, Shift-Dir - straight line, f/p - goblin
Aim: a goblin, wielding a +0 dagger You throw a stone.
The stone barely misses the goblin.
The frilled lizard hisses angrily.
Sorry, you're not good enough to have a special ability.
Unknown command.
Casting: Infusion (safe; 6% risk of failure)
Confirm with . or Enter, or press ? or * to list all spells.
You miscast Spectral Weapon.
You are very lightly contaminated with residual magic.
Your hands glow momentarily.
A worm comes into view.
Casting: Spectral Weapon (slightly dangerous; 36% risk of failure)
Confirm with . or Enter, or press ? or * to list all spells.
You draw out your weapon's spirit!
The goblin hits you with a +0 dagger.
You closely miss the goblin.
Your spectral weapon hits the goblin.
The goblin hits your spectral weapon with a +0 dagger.
You hit the goblin. Lightning courses through the goblin!
You kill the goblin!
The frilled lizard bites you. Sigmund casts a spell at you.
The puff of flame misses you.
You see here a +0 dagger.
You hit Sigmund but do no damage.
Your spectral weapon hits Sigmund but does no damage.
The frilled lizard barely misses you. Sigmund barely misses you.
The frilled lizard barely misses you.
You hit Sigmund.
Sigmund is lightly wounded.
Your spectral weapon hits Sigmund.
Sigmund casts a spell.
Sigmund flickers and vanishes!
Deactivating autopickup; reactivate with Ctrl-A.
The frilled lizard closely misses you.
You hit something. Something hits you. The frilled lizard bites you.
You miss something. The frilled lizard barely misses you. Something hits you!
You completely miss something. The frilled lizard bites you.
The worm barely misses you.
You barely miss something. Something hits you!
* * * LOW HITPOINT WARNING * * *
The frilled lizard bites you but does no damage.
You barely miss something. The frilled lizard closely misses you.
The worm closely misses you.
You hear some strange, mumbled words.
Something tries to affect you, but you resist.
You closely miss something.
The frilled lizard bites you but does no damage.
You hear some strange, mumbled words.
A magic dart appears from out of thin air!
The magic dart hits you!
You die...

### +##... ......#
....... #### .......
#... ....... #.##
.......####.# #.#
......w.....# #.#
......{@#############.#
......l(..............#
...###.################
. #. #. #. #. ##


You could see a worm, a frilled lizard and a friendly spectral +1 short sword of
electrocution.

Vanquished Creatures
  An iguana (D:2)
  2 worms (D:2)
  2 leopard geckos
  An orc (D:2)
  A giant cockroach (D:1)
  4 goblins (D:2)
  A hobgoblin (D:1)
  A quokka (D:2)
  A frilled lizard (D:2)
  5 kobolds
  3 rats
22 creatures vanquished.

Notes
Turn   | Place    | Note
-------+----------+-------------------------------------------
     0 | D:1      | MisterOstroum the Sand Dwarf Skald began the quest for the
                  | Orb.
     0 | D:1      | Reached XP level 1. HP: 18/18 MP: 3/3
   551 | D:1      | Reached XP level 2. HP: 25/25 MP: 5/5
  1136 | D:2      | Learned a level 2 spell: Song of Slaying
  1157 | D:2      | Reached skill level 4 in Maces & Flails
  1157 | D:2      | Reached XP level 3. HP: 21/31 MP: 3/6
  1261 | D:2      | Learned a level 3 spell: Spectral Weapon
  1792 | D:2      | Noticed Sigmund
  1807 | D:2      | Killed from afar by Sigmund

Skill      XL: |  1  2 |
---------------+-------+-----
Fighting       | 3 |  3.2
Maces & Flails | 4 |  4.7
Armour         | |  1.2
Dodging        | |  1.5
Spellcasting   | |  2.0
Charms         | |  3.4

Action                   || total
-------------------------++-------
Melee: Mace              ||    52
       Short sword       ||    22
Throw: Stone             ||    24
 Cast: Infusion          ||     4
       Spectral Weapon   ||     2
  Use: Scroll            ||     3
  Eat: Chunk             ||     3
Armor: Leather armour    ||     1
       Scale mail        ||    14
Dodge: Dodged            ||    45
